 Dungeon Crawl Stone Soup version 0.23.2-1-ga50397a6bc (webtiles) character file.

Game seed: 12633030602074974875

504 Menchi the Skirmisher (level 7, 0/63 HPs)
             Began as a Ghoul Gladiator on May 10, 2019.
             Was a Follower of Nemelex Xobeh.
             Splashed by an orc's acid (13 damage)
             ... on level 4 of the Dungeon.
             The game lasted 00:07:50 (2600 turns).

Menchi the Skirmisher (Ghoul Gladiator)             Turns: 2600, Time: 00:07:53

Health: 0/63       AC:  8    Str: 18    XL:     7   Next: 17%
Magic:  6/6        EV: 13    Int:  5    God:    Nemelex Xobeh [*.....]
Gold:   153        SH:  0    Dex: 10    Spells: 6/6 levels left

rFire    . . .     SeeInvis .   i - +2 whip (venom)
rCold    + . .     Gourm    .   (no shield)
rNeg     + + +     Faith    .   n - +2 leather armour {rN+}
rPois    ∞         Spirit   .   c - +0 helmet
rElec    .         Reflect  .   (no cloak)
rCorr    .         Harm     .   q - +2 pair of gloves
MR       +....                  h - +2 pair of boots
Stlth    +.........             (no amulet)
HPRegen  0.00/turn              m - ring of protection from magic
MPRegen  0.10/turn              (no ring)

@: corroded, rotting
A: rotting body, claws 1, carnivore, cold resistance 1, negative energy
resistance 3, inhibited regeneration, torment resistance, unbreathing
a: Draw Escape, Draw Destruction, Draw Summoning, Renounce Religion


You were on level 4 of the Dungeon.
You worshipped Nemelex Xobeh.
Nemelex Xobeh was aware of your devotion.
You were not hungry.

You visited 1 branch of the dungeon, and saw 4 of its levels.

You collected 153 gold pieces.

Inventory:

Hand Weapons
 a - a +0 quarterstaff
 i - a +2 whip of venom (weapon)
Missiles
 d - 3 throwing nets (quivered)
Armour
 c - a +0 helmet (worn)
 h - a +2 pair of boots (worn)
 n - a +2 leather armour of positive energy (worn)
 q - a +2 pair of gloves (worn)
Jewellery
 m - a ring of protection from magic (left hand)
Wands
 b - a wand of iceblast (6)
Scrolls
 g - 3 scrolls of identify
 j - a scroll of fear
 r - a scroll of remove curse
Potions
 e - a potion of curing
 k - 2 potions of invisibility {unknown}
 o - a potion of brilliance {unknown}
 p - a potion of haste {unknown}
 s - 2 potions of heal wounds {unknown}
Comestibles
 f - 5 rations


   Skills:
 * Level 6.1 Fighting
 - Level 2.6 Staves
 - Level 1.7 Throwing
 + Level 3.0 Armour
 + Level 4.2 Dodging


You had 6 spell levels left.
You didn't know any spells.
Your spell library was empty.

Dungeon Overview and Level Annotations

Branches:
Dungeon (4/15)
 Temple: D:4-7

Altars:
Nemelex Xobeh
Wu Jian
Yredelemnul


Innate Abilities, Weirdness & Mutations

Your body is rotting away.
You thrive on raw meat.
You are immune to poison.
You have sharp fingernails.
You are carnivorous and can eat meat at any time.
Your flesh is cold resistant. (rC+)
You are immune to negative energy. (rN+++)
You do not regenerate when monsters are visible.
You are immune to unholy pain and torment.
You can survive without breathing.


Message History

Eat a chunk of flesh? (ye/n/q)
You eat the chunk of flesh.
This raw flesh tastes great!
The orc wizard casts a spell at you.
The puff of frost hits you but does no damage.
The orc suddenly cheers, as Orcs often do.
The orc hits you but does no damage.
You closely miss the orc wizard.
The orc wizard is severely wounded.
The orc wizard points at you and mumbles some strange words.
The puff of flame hits you but does no damage.
The orc barely misses you.
You closely miss the orc wizard.
The orc wizard is severely wounded.
The orc wizard gestures at you while chanting.
The puff of frost hits you but does no damage.
You resist.
The orc zaps a wand.
The bolt of acid hits you but does no damage.
The acid corrodes you!
You are splashed with acid!
You die...
Your body disappears without a glow.

.......................
.......................
........................
........................
....#####...............
....#####...............
.............[..........
..(...ooo..........(....
.......@o...#########...
............# #...
............# #...
............# #...
............# ####
............#
............#
#############


You could see an orc wizard and 3 orcs.

Vanquished Creatures
  An ogre (D:4)
  An orc priest (D:2)
  2 orc wizards (D:3)
  Crazy Yiuf (D:3)
  Ijyb (D:3)
  Terence (D:3)
  Natasha (twice) (D:2)
  A worker ant (D:4)
  5 adders
  5 worms
  3 dart slugs
  A leopard gecko (D:1)
  26 orcs
  12 bats
  5 giant cockroaches
  9 goblins
  7 hobgoblins
  2 quokkas (D:3)
  A ball python (D:1)
  4 frilled lizards
  A giant cockroach zombie (D:2)
  4 kobolds
  A quokka skeleton (D:4)
  5 rats
101 creatures vanquished.

Notes
Turn   | Place    | Note
-------+----------+-------------------------------------------
     0 | D:1      | Menchi the Ghoul Gladiator began the quest for the Orb.
     0 | D:1      | Reached XP level 1. HP: 17/17 MP: 0/0
    99 | D:1      | Reached XP level 2. HP: 20/25 MP: 1/1
   498 | D:1      | Reached skill level 3 in Fighting
   781 | D:2      | Reached XP level 3. HP: 30/30 MP: 2/2
   794 | D:2      | Reached skill level 1 in Armour
   905 | D:2      | Noticed Natasha
   928 | D:2      | Killed Natasha
   928 | D:2      | Reached XP level 4. HP: 21/40 MP: 3/3
   946 | D:2      | Reached skill level 4 in Fighting
  1285 | D:2      | Found a sparkling altar of Nemelex Xobeh.
  1301 | D:2      | Became a worshipper of Nemelex Xobeh the Trickster
  1330 | D:2      | Noticed Natasha
  1340 | D:2      | Killed Natasha
  1340 | D:2      | Reached XP level 5. HP: 30/47 MP: 4/4
  1403 | D:2      | Received a gift from Nemelex Xobeh
  1748 | D:3      | Reached skill level 5 in Fighting
  1748 | D:3      | Reached XP level 6. HP: 49/56 MP: 5/5
  1891 | D:3      | Found a runed translucent door.
  1892 | D:3      | Noticed Crazy Yiuf
  1946 | D:3      | Noticed Terence
  1946 | D:3      | Noticed Ijyb
  1962 | D:3      | Killed Ijyb
  1969 | D:3      | Killed Terence
  2023 | D:3      | Found an ornate altar of the Wu Jian Council.
  2046 | D:3      | Reached * piety under Nemelex Xobeh
  2348 | D:3      | Killed Crazy Yiuf
  2506 | D:4      | Found a basalt altar of Yredelemnul.
  2579 | D:4      | Reached skill level 6 in Fighting
  2579 | D:4      | Reached XP level 7. HP: 16/63 MP: 6/6
  2597 | D:4      | HP: 2/63 [orc wizard/puff of frost (6)]
  2600 | D:4      | Splashed by an orc's acid

Skill      XL: |  1  2  3  4  5  6 |
---------------+-------------------+-----
Fighting       | 3 4 5 6 |  6.1
Armour         | 1 2 3 |  3.0
Dodging        | 3 4 |  4.2
Staves         | |  2.6
Throwing       | |  1.7

Action                   |  1- 3 |  4- 6 |  7- 9 || total
-------------------------+-------+-------+-------++-------
Melee: Quarterstaff      |    53 |       |       ||    53
       Whip              |    35 |   239 |     3 ||   277
  Use: Scroll            |       |     4 |       ||     4
 Stab: Sleeping          |       |     1 |       ||     1
  Eat: Chunk             |     6 |    24 |     3 ||    33
Armor: Leather armour    |    43 |    85 |    11 ||   139
Dodge: Dodged            |    74 |   166 |     5 ||   245
